 Dungeon Crawl Stone Soup version 0.18.1-8-gdd0e5ea (webtiles) character file.

224 protoss039 the Skirmisher (level 5, 0/42 HPs)
             Began as a Demonspawn Fighter on June 11, 2016.
             Succumbed to a kobold's poison
             ... on level 2 of the Dungeon.
             The game lasted 00:05:54 (1921 turns).

protoss039 the Skirmisher (Demonspawn Fighter)      Turns: 1921, Time: 00:05:55

Health: 0/42       AC: 13    Str: 17    XL:     5   Next: 67%
Magic:  2/5        EV:  7    Int:  9    God:
Gold:   113        SH:  9    Dex: 13    Spells: 0 memorised, 4 levels left

rFire  . . .     SeeInvis .     h - +2 mace (protect)
rCold  . . .     Gourm    .     b - +0 scale mail
rNeg   . . .     Faith    .     c - +0 shield
rPois  .         Spirit   +     (helmet restricted)
rElec  .         Dismiss  .     j - +0 cloak
rCorr  .         Reflect  .     (no gloves)
SustAt .         Harm     .     (no boots)
MR     .....                    (no amulet)
Stlth  ..........               (no ring)
                                (no ring)

@: lethally poisoned (0 -> -1), very slightly contaminated, hasted, invisible,
very quick, not resistant to hostile enchantments, extremely unstealthy
A: horns 1, magic shield
a: no special abilities


You were on level 2 of the Dungeon.
You were hungry.

You visited 1 branch of the dungeon, and saw 3 of its levels.

You collected 113 gold pieces.

Inventory:

Hand Weapons
 a - a +0 war axe
 h - a +2 mace of protection (weapon)
Armour
 b - a +0 scale mail (worn)
 c - a +0 shield (worn)
 j - a +0 cloak (worn)
Jewellery
 l - an uncursed ring of ice
Scrolls
 e - a scroll of teleportation {unknown}
 i - 2 scrolls of identify {unknown}
Potions
 d - a potion of might
Comestibles
 f - a bread ration
 g - a meat ration


   Skills:
 + Level 4.1 Fighting
 + Level 2.4 Axes
 + Level 0.1(1.4) Maces & Flails
 + Level 3.7 Armour
 + Level 1.1 Dodging
 + Level 0.2 Stealth
 + Level 3.7 Shields


You had 4 spell levels left.
You didn't know any spells.

Dungeon Overview and Level Annotations

Branches:
Dungeon (3/15)

Altars:
Okawaru


Innate Abilities, Weirdness & Mutations

You have a pair of small horns on your head.
When hurt, damage is shared between your health and your magic reserves.


Message History

You feel sick. The goblin barely misses you.
* * * LOW HITPOINT WARNING * * *
You feel sick.
A rat comes into view.
Drink which item? (? for menu, Esc to quit)
It was a potion of haste.
You feel yourself speed up.
* * * LOW HITPOINT WARNING * * *
You feel sick. The goblin barely misses you.
You sock the rat!
You kill the rat!
* * * LOW HITPOINT WARNING * * *
You feel sick.
Found a stone staircase leading up.
* * * LOW HITPOINT WARNING * * *
You feel sick.
You found a shaft!
There is a stone staircase leading up here.
You can't go down here!
You climb upwards.
You die...

#.#.########.########...#####
##.###......................#
##.###.####..#.#####....###.#
........)##...#......#.## #.#####
########.##.##.####..#.# #......
.......#.......# #..#.# ###.###
.......#.##.##.# #.>#.######.###
.......#.##.<..####..#...........
..)_...#.......#@........###.####
..รท....#..####...##...##.# #.#
.......#..# #.#.##.#.##.# #.#
.......#..# #.#.##...##.# #.#
########..# #.#.#######.###.###
.........## #.#.# #.#.....#
###.#.#### #.#.# #<#.....#
###...########.#.#######.......##
#..............#.........#.......


There were no monsters in sight!

Vanquished Creatures
  A giant frog (D:3)
  Crazy Yiuf (D:2)
  Jessica (D:2)
  Terence (D:2)
  A gnoll (D:1)
  2 adders (D:2)
  A dart slug (D:1)
  3 giant geckos (D:1)
  An orc (D:3)
  5 bats
  5 goblins
  5 hobgoblins
  5 jackals
  A ball python (D:2)
  2 giant newts (D:1)
  7 kobolds
  12 rats
  A fungus (D:2)
55 creatures vanquished.

Notes
Turn   | Place    | Note
--------------------------------------------------------------
     0 | D:1      | protoss039 the Demonspawn Fighter began the quest for the Orb.
     0 | D:1      | Reached XP level 1. HP: 18/18 MP: 1/1
    77 | D:1      | Gained mutation: You have a pair of small horns on your head. [demonic ancestry]
    77 | D:1      | Reached XP level 2. HP: 16/24 MP: 2/2
   296 | D:1      | Gained mutation: When hurt, damage is shared between your health and your magic reserves. [demonic ancestry]
   296 | D:1      | Reached XP level 3. HP: 29/29 MP: 3/3
   876 | D:2      | Noticed Terence
   887 | D:2      | Killed Terence
   887 | D:2      | Reached XP level 4. HP: 24/37 MP: 4/4
  1215 | D:2      | Noticed Jessica
  1218 | D:2      | Killed Jessica
  1324 | D:2      | Found an iron altar of Okawaru.
  1711 | D:2      | Noticed Crazy Yiuf
  1720 | D:2      | Killed Crazy Yiuf
  1720 | D:2      | Reached skill level 4 in Fighting
  1720 | D:2      | Reached XP level 5. HP: 21/42 MP: 2/5
  1831 | D:3      | Reached skill level 1 in Dodging
  1902 | D:3      | HP: 2/42 [poisoned by a kobold]
  1909 | D:3      | HP: 1/42 [poisoned by a kobold]
  1915 | D:3      | HP: 1/42 [poisoned by a kobold]
  1921 | D:2      | Succumbed to a kobold's poison

Skill      XL: |  1  2  3  4  5 |
---------------+----------------+-----
Shields        | 3 |  3.7
Axes           | 2 |  2.4
Armour         | 3 |  3.7
Fighting       | 4 |  4.1
Dodging        | 1 |  1.1
Maces & Flails | |  0.1
Stealth        | |  0.2

Action                   |  1- 3 |  4- 6 || total
-------------------------+-------+-------++-------
Melee: War axe           |   100 |    41 ||   141
       Headbutt          |    18 |    16 ||    34
       Mace              |       |    29 ||    29
  Use: Potion            |       |     3 ||     3
  Eat: Chunk             |       |     3 ||     3
Armor: Scale mail        |    50 |    56 ||   106
Dodge: Dodged            |    34 |    35 ||    69
Block: Shield            |    67 |    43 ||   110
